 Dungeon Crawl Stone Soup version 0.28.0-45-g0d030f2227 (webtiles) character file.

Game seed: 4717800931325511070

970 Faeu the Covered (level 7, -2/63 HPs)
             Began as a Minotaur Fighter on Apr 5, 2022.
             Killed by divine providence
             ... invoked by an orc priest
              (14 damage)
             ... on level 5 of the Dungeon.
             The game lasted 00:14:30 (4270 turns).

Faeu the Covered (Minotaur Fighter)                 Turns: 4270, Time: 00:14:31

Health: -2/63      AC: 13    Str: 22    XL:     7   Next: 94%
Magic:  6/6        EV: 11    Int:  5    God:
Gold:   246        SH:  5    Dex: 14    Spells: 6/6 levels left

rFire   + . .      SeeInvis .   a - +0 war axe {axe}
rCold   + . .      Faith    .   c - +0 buckler
rNeg    . . .      Spirit   .   b - +0 scale mail
rPois   +          Reflect  .   (helmet restricted)
rElec   +          Harm     .   h - +0 cloak
rCorr   +          Rampage  .   n - +0 pair of gloves "Dystrae" {Will+ Dex+4}
Will    +....                   k - +2 pair of boots
Stlth   ..........              (no amulet)
HPRegen 0.20/turn               (no ring)
MPRegen 0.10/turn               (no ring)

@: resistant
A: horns 2, retaliatory headbutt
a: no special abilities


You were on level 5 of the Dungeon.
You visited 1 branch of the dungeon, and saw 5 of its levels.
You also visited: Sewer.

You collected 246 gold pieces.


Innate Abilities, Weirdness & Mutations

You have a pair of horns on your head.
You reflexively headbutt those who attack you in melee.


   Skills:
 + Level 6.3 Fighting
 + Level 5.5 Axes
 + Level 6.3 Armour
 + Level 4.5 Dodging
 + Level 5.1 Shields


You had 6 spell levels left.
You didn't know any spells.
Your spell library contained the following spells:

 Spells                   Type           Power      Damage    Failure   Level
 Beastly Appendage        Tmut           0%         N/A       86%         1
 Magic Dart               Conj           0%         1d3       86%         1
 Shock                    Conj/Air       0%         1d3       86%         1
 Call Imp                 Summ           0%         N/A       94%         2
 Wereblood                Tmut           0%         N/A       94%         2
 Ignite Poison            Fire/Tmut/Pois 0%         N/A       99%         3
 Mephitic Cloud           Conj/Pois/Air  0%         N/A       99%         3
 Spider Form              Tmut/Pois      0%         N/A       99%         3
 Swiftness                Air            0%         N/A       99%         3
 Airstrike                Air            0%         N/A       100%        4
 Freezing Cloud           Conj/Ice/Air   0%         6-21      100%        5

Inventory:

Hand Weapons
 a - a +0 war axe (weapon) {axe}
 t - a +2 vorpal flail {mace}
   (You took it off Edmund on level 4 of the Dungeon)
Missiles
 f - a throwing net {=f!fthrowing}
 s - 2 boomerangs (quivered) {throwing}
Armour
 b - a +0 scale mail (worn)
 c - a +0 buckler (worn)
 h - a +0 cloak (worn)
   (You found it on level 1 of the Dungeon)
 k - a +2 pair of boots (worn)
   (You found it on level 2 of the Dungeon)
 n - the +0 pair of gloves "Dystrae" (worn) {Will+ Dex+4}
   (You found it in a sewer)

   Dex:       It affects your dexterity (+4).
   Will:      It increases your willpower.
Wands
 o - a wand of digging (3)
   (You found it in a sewer)
 u - a wand of flame (11)
   (You found it on level 4 of the Dungeon)
Scrolls
 e - 2 scrolls of identify {unknown}
 g - 3 scrolls of teleportation {unknown}
 p - a scroll of enchant armour {unknown}
 q - a scroll of fog {unknown}
 r - a scroll of immolation {unknown}
Potions
 d - 3 potions of might
 i - a potion of resistance
 l - a potion of mutation {unknown}
 m - a potion of flight {unknown}
 v - a potion of magic

Dungeon Overview and Level Annotations

Branches:
Dungeon (5/15)              Sewer (visited)
 Temple: D:4-7

Altars:

.................
.#####..#.####.....
#..#.# ...
#..#.####.##.#
#..#......##.#
#..#..######.#
#..#..# #.#
#..#..######.#
#.^#...o@...[#
...###Z#######
###.# #.# #.###.##
#.##...##
..#.....##
..........#
####.....##
##....## #


You could see an orc priest and a howler monkey skeleton.


Message History

The orc priest moves out of view.
The orc priest begins to cast a cantrip, but forgets the words!
A howler monkey skeleton comes into view.
An orc wizard comes into view. It is wielding a +0 dagger.
The orc priest mumbles some strange prayers to Beogh against you.
Beogh smites you!
You hear a shout! 😕 HP[-13]
You take 13 damage, and now have 50/63 hp.
MASSIVE DAMAGE!! (PAUSE)
You hear a shout!
The orc priest begins to cast a cantrip, but forgets the words! 😕 HP[+1]
The orc priest mumbles some strange prayers to Beogh against you.
Beogh smites you! 😮 HP[-11]
You take 11 damage, and now have 40/63 hp.
You see here a necrophage corpse. 😮 HP[+1]
The orc wizard shouts!
The orc wizard gestures wildly while chanting.
The orc wizard flickers and vanishes!
Deactivating autopickup; reactivate with Ctrl-A.
The orc priest barely misses you. You furiously retaliate!
You headbutt the orc priest.
The orc priest looks satisfied for a moment.
The orc priest mumbles some strange prayers to Beogh against you.
Beogh smites you!
* * * LOW HITPOINT WARNING * * *
The orc priest barely misses you. 😨 HP[-14]
You take 14 damage, and now have 27/63 hp.
MASSIVE DAMAGE!! (PAUSE)
You hit the orc priest. You headbutt the orc priest.
The orc priest hits you but does no damage. 😨 HP[+1]
The orc priest mumbles some strange prayers to Beogh against you.
Beogh smites you!
* * * LOW HITPOINT WARNING * * *
The orc priest looks satisfied for a moment.
You see here a necrophage corpse. 😨 HP[-9]
You take 9 damage, and now have 19/63 hp.
The orc priest calls down the wrath of Beogh upon you.
Beogh smites you!
* * * LOW HITPOINT WARNING * * *
😱 HP[-13]
You take 13 damage, and now have 6/63 hp.
MASSIVE DAMAGE!! (PAUSE) It was a potion of resistance.
You feel protected.
You hit the orc priest.
The orc priest hits you with a +0 flail.
* * * LOW HITPOINT WARNING * * *
😱 HP[-3]
You take 3 damage, and now have 3/63 hp.
You hit the orc priest.
You headbutt the orc priest, but do no damage.
The orc priest calls upon Beogh to heal the orc priest.
The orc priest is healed somewhat.
The orc priest calls upon Beogh to heal the orc priest.
The orc priest is healed somewhat.
You block the orc priest's attack. 😱 HP[+1] It was a potion of magic.
Magic courses through your body. The orc priest misses you.
You hit the orc priest.
The orc priest looks braver for a moment.
It was a potion of heal wounds.
You feel much better.
The orc priest invokes the aid of Beogh against you.
You resist with some effort. 😨 HP[+26]
You regained 26 hp, and now have 30/63 hp.
You closely miss the orc priest.
The orc priest miscasts a cantrip. 😨 HP[+1]
You hit the orc priest but do no damage.
You headbutt the orc priest.
The orc priest begins to cast a cantrip, but forgets the words!
The orc priest miscasts a cantrip.
You slash the orc priest!
You kill the orc priest!
The orc priest mumbles some strange prayers to Beogh against you.
Beogh smites you!
* * * LOW HITPOINT WARNING * * *
😨 HP[-15]
You take 15 damage, and now have 16/63 hp.
MASSIVE DAMAGE!! (PAUSE)
The orc priest hits you but does no damage.
Items here: ) [ ††.
You barely miss the orc priest.
The orc priest calls down the wrath of Beogh upon you.
Pain shoots through your body!
* * * LOW HITPOINT WARNING * * *
😱 HP[-5]
You take 5 damage, and now have 11/63 hp.
You hit the orc priest but do no damage.
The orc priest barely misses you.
The orc priest calls down the wrath of Beogh upon you.
Beogh smites you!
You die...

Skill      XL: |  1  2  3  4  5  6  7 |
---------------+----------------------+-----
Dodging        | 1 2 3 4 |  4.5
Fighting       | 4 5 6 |  6.3
Armour         | 4 5 6 |  6.3
Axes           | 3 4 5 |  5.5
Shields        | 4 5 |  5.1

Action                   |  1- 3 |  4- 6 |  7- 9 || total
-------------------------+-------+-------+-------++-------
Melee: War axe           |    64 |   198 |    66 ||   328
       Headbutt          |    10 |    20 |     8 ||    38
Throw: Boomerang         |       |     1 |       ||     1
  Use: Potion            |       |       |     3 ||     3
Armor: Scale mail        |    46 |    93 |    25 ||   164
Dodge: Dodged            |    38 |   113 |    36 ||   187
Block: Buckler           |    15 |    50 |    19 ||    84

Levels and vault maps discovered:
D:1:      dpeg_arrival_lava_temple_mockup, layout_basic
D:2:      layout_rooms, chequers_ecumenical_altar_twisty, minivault_4,
          uniq_natasha
D:3:      layout_loops_ring, portal_sewer_entry_b, uniq_robin
D:4:      layout_loops_cross, uniq_edmund
D:5:      layout_loops_ring

Notes
Turn   | Place    | Note
-------+----------+-------------------------------------------
     0 | D:1      | Faeu the Minotaur Fighter began the quest for the Orb.
     0 | D:1      | Reached XP level 1. HP: 19/19 MP: 0/0
     0 | D:1      | magus.rc [v1.9.6]
   272 | D:1      | Reached XP level 2. HP: 26/27 MP: 1/1
   316 | D:1      | Reached skill level 1 in Dodging
   615 | D:1      | Reached skill level 4 in Fighting
   638 | D:1      | Reached skill level 4 in Armour
   824 | D:2      | Reached skill level 3 in Axes
   868 | D:2      | Reached XP level 3. HP: 33/33 MP: 2/2
   989 | D:2      | Noticed Natasha
  1000 | D:2      | Killed Natasha
  1001 | D:2      | Reached XP level 4. HP: 26/40 MP: 3/3
  1014 | D:2      | Noticed Natasha
  1122 | D:2      | Killed Natasha
  1123 | D:2      | Reached skill level 2 in Dodging
  1441 | D:2      | Found a faded altar of an unknown god.
  1502 | D:2      | You pick up a book of Changes and begin reading...
  1502 | D:2      | You add the spells Beastly Appendage, Wereblood and Spider
                  | Form to your library.
  1561 | D:2      | Noticed Natasha
  1568 | D:2      | Killed Natasha
  1569 | D:2      | Reached XP level 5. HP: 47/47 MP: 4/4
  1798 | D:3      | Noticed Robin
  1818 | D:3      | Killed Robin
  1978 | D:3      | Reached skill level 4 in Axes
  2000 | D:3      | You pick up a book of Air and begin reading...
  2000 | D:3      | You add the spells Shock, Swiftness and Airstrike to your
                  | library.
  2017 | D:3      | You pick up a book of Minor Magic and begin reading...
  2017 | D:3      | You add the spells Magic Dart, Call Imp and Mephitic Cloud
                  | to your library.
  2046 | D:3      | Found a glowing drain.
  2073 | Sewer    | Entered a sewer
  2125 | Sewer    | Reached skill level 5 in Armour
  2139 | Sewer    | Reached skill level 5 in Fighting
  2192 | Sewer    | Reached skill level 3 in Dodging
  2215 | Sewer    | Reached XP level 6. HP: 55/56 MP: 5/5
  2425 | Sewer    | Identified the +0 pair of gloves "Dystrae" {Will+ Dex+4}
  2985 | D:4      | Reached skill level 4 in Shields
  3231 | D:4      | Noticed Edmund
  3248 | D:4      | Killed Edmund
  3249 | D:4      | Reached skill level 5 in Axes
  3249 | D:4      | Reached XP level 7. HP: 26/62 MP: 6/6
  3456 | D:4      | Reached skill level 4 in Dodging
  3717 | D:4      | You add the spells Ignite Poison and Freezing Cloud to your
                  | library.
  3992 | D:5      | Entered Level 5 of the Dungeon
  3999 | D:5      | Reached skill level 6 in Fighting
  3999 | D:5      | Reached skill level 6 in Armour
  4179 | D:5      | Reached skill level 5 in Shields
  4258 | D:5      | HP: 6/63 [orc priest/divine providence (13)]
  4269 | D:5      | HP: 11/63 [orc priest/nerve-wracking pain (5)]
  4270 | D:5      | Killed from afar by an orc priest

Vanquished Creatures
  Edmund (D:4)
  A water moccasin (D:5)
  A necrophage (D:5)
  A phantom (D:4)
  A bullfrog (Sewer)
  A gnoll shaman (D:4)
  2 orc priests
  A hound (D:5)
  An iguana (D:4)
  Natasha (thrice) (D:2)
  Robin (D:3)
  12 adders
  5 gnolls (D:4)
  A river rat (D:3)
  5 dart slugs
  9 orcs
  4 endoplasms
  7 giant cockroaches
  15 goblins
  14 hobgoblins
  2 jackals (D:1)
  2 kobolds
  8 quokkas
  14 ball pythons
  6 bats
  11 frilled lizards
  7 rats
136 creatures vanquished.

Table legend:
 A = Non-vault XP
 B = Vault XP
 C = Vault XP percentage of total XP
 D = Non-vault monster count
 E = Vault monster count
 F = Vault count percentage of total count
                 A         B        C        D         E       F
            +---------+---------+-------+---------+---------+-------
      Total |     920 |     466 |  33.6 |      87 |      49 |  36.0
            +---------+---------+-------+---------+---------+-------
        D:1 |      34 |       0 |   0.0 |      20 |       0 |   0.0
        D:2 |     133 |      35 |  20.8 |      23 |       1 |   4.2
        D:3 |      52 |      58 |  52.7 |      15 |      19 |  55.9
        D:4 |     354 |     171 |  32.6 |      25 |       1 |   3.8
        D:5 |     347 |       0 |   0.0 |       4 |       0 |   0.0
      Sewer |       0 |     202 | 100.0 |       0 |      28 | 100.0
            +---------+---------+-------+---------+---------+-------

Illustrated notes

Table legend:
 A = Kills in this place as a percentage of kills in entire the game.
 B = Kills by you in this place as a percentage of kills by you in the entire game.
 C = Kills by friends in this place as a percentage of kills by friends in the entire game.
 D = Other kills in this place as a percentage of other kills in the entire game.
 E = Experience gained in this place as a percentage of experience gained in the entire game.
 F = Experience gained in this place divided by the number of levels of this place that you have seen.
                   A       B       C       D       E      F
               +-------+-------+-------+-------+-------+----------------------
         Total | 100.0 | 100.0 |   N/A |   N/A | 100.0 | 231.0
       Dungeon |  79.4 |  79.4 |   N/A |   N/A |  85.4 | 236.8
         Sewer |  20.6 |  20.6 |   N/A |   N/A |  14.6 | 202.0
               +-------+-------+-------+-------+-------+----------------------

Table legend: (Time is in decaauts)
 A = Elapsed time spent in this place.
 B = Non-inter-level travel time spent in this place.
 C = Inter-level travel time spent in this place.
 D = Time resting spent in this place.
 E = Time spent auto-exploring this place.
 F = Levels seen in this place.
 G = Mean time per level.
                   A        B        C        D        E       F      G
               +--------+--------+--------+--------+--------+-----+--------+
         Total |   4433 |   4335 |     98 |    524 |   2026 |   6 |  738.8 |
       Dungeon |   3985 |   3887 |     98 |    414 |   2026 |   5 |  797.0 |
         Sewer |    448 |    448 |      0 |    110 |      0 |   1 |  448.0 |
               +--------+--------+--------+--------+--------+-----+--------+

Top non-repeatable levels by time:
     D:4: 1231 daAuts
     D:1: 901 daAuts
     D:2: 852 daAuts
     D:3: 713 daAuts
   Sewer: 448 daAuts
     D:5: 285 daAuts
